 Dungeon Crawl Stone Soup version 0.21-a0-625-g1119ec1 (webtiles) character file.

346 shenanigans the Skirmisher (level 6, -4/51 HPs)
             Began as a Barachi Skald on Dec 24, 2017.
             Slain by an ogre
             ... wielding a +0 giant club
              (9 damage)
             ... on level 4 of the Dungeon.
             The game lasted 00:12:51 (4496 turns).

shenanigans the Skirmisher (Barachi Skald)          Turns: 4496, Time: 00:12:51

Health: -4/51      AC: 14    Str: 17    XL:     6   Next: 59%
Magic:  9/9        EV:  1    Int: 16    God:
Gold:   176        SH: 11    Dex: 11    Spells: 8/9 levels left

rFire    . . .     SeeInvis .   s - +1 dagger (venom)
rCold    . . .     Gourm    .   v - +0 large shield
rNeg     . . .     Faith    .   w - +0 plate armour
rPois    .         Spirit   .   x - +1 helmet
rElec    .         Reflect  .   (no cloak)
rCorr    .         Harm     .   (no gloves)
MR       .....                  (no boots)
Stlth    ..........             r - amulet of rage
HPRegen  0.17/turn              (no ring)
MPRegen  0.11/turn              (no ring)

@: mighty, can't hop, slow
A: +LOS, swims, slowness 1, strong legs 1
a: Hop, Evoke Berserk Rage


You were on level 4 of the Dungeon.
You were hungry.

You visited 1 branch of the dungeon, and saw 4 of its levels.

You collected 176 gold pieces.

Inventory:

Hand Weapons
 a - a +0 hand axe
 s - a +1 dagger of venom (weapon)
Missiles
 j - a tomahawk (quivered)
Armour
 b - a +0 leather armour
 h - a +0 ring mail
 l - a +0 chain mail
 v - a +0 large shield (worn)
 w - a +0 plate armour (worn)
 x - a +1 helmet (worn)
Jewellery
 o - an uncursed amulet of the gourmand
 r - an amulet of rage (around neck)
Wands
 q - a wand of polymorph (7)
Scrolls
 e - 2 scrolls of remove curse {unknown}
 g - a scroll of enchant weapon {unknown}
 i - a scroll of identify {unknown}
 m - a scroll of teleportation {unknown}
 n - a scroll of blinking {unknown}
 p - a scroll of enchant armour {unknown}
 u - a scroll of noise {unknown}
Potions
 k - a potion of curing
Books
 c - a book of Battle

   Spells                             Type                      Level
   a - Infusion                       Charms                       1
   b - Shroud of Golubria             Charms/Translocation         2
   c - Song of Slaying                Charms                       2
   d - Spectral Weapon                Hexes/Charms                 3
   e - Regeneration                   Charms/Necromancy            3
Comestibles
 d - 3 rations


   Skills:
 + Level 5.0 Fighting
 + Level 4.5 Axes
 + Level 4.4 Armour
 - Level 2.1 Dodging
 * Level 0.9 Shields
 - Level 2.1 Spellcasting
 - Level 3.2 Charms


You had 8 spell levels left.
You knew the following spells:

 Your Spells              Type           Power        Failure   Level  Hunger
a - Infusion              Chrm           ##..         100%        1    #......


Dungeon Overview and Level Annotations

Branches:
Dungeon (4/15)
 Temple: D:4-7

Altars:
Elyvilon
Kikubaaqudgha

Annotations:
D:2 Sigmund
D:3 SFR's ghost, amateur DgWn


Innate Abilities, Weirdness & Mutations

Shadows flee at your approach. (+LOS)
You can swim through water.
You cover ground slowly.
You can hop short distances.


Message History

Press: ? - help, Shift-Dir - straight line, f/p - ogre
Aim: an ogre, wielding a giant club (moderately wounded, poisoned)
You throw a tomahawk.
The tomahawk hits the ogre but does no damage.
The ogre is moderately wounded.
Okay, then.
You hit the ogre.
The ogre is moderately wounded.
The ogre hits you with a giant club!!
* * * LOW HITPOINT WARNING * * *
You feel much better. The ogre hits you but does no damage.
You hit the ogre but do no damage.
The ogre looks even sicker.
The ogre is moderately wounded.
The ogre hits you with a giant club!
* * * LOW HITPOINT WARNING * * *
Okay, then.
It was a potion of might.
You feel very mighty all of a sudden. The ogre hits you with a giant club!
You die...

#. ... . #.##.. #.#
# ....### #.#.# ##
##.....### ....# #.
........###
....###.
........)###.#.#...
#......###...#.#...
#....###.....#.#...
#.@###.......#.###.
#..O(.(............
#.##.###.......###.
#. #.# #....†### #.
#.##.####...#######
#.#...####......#
#...#.......###.#
###...####### #.#
#...## #.#


You could see an ogre.

Vanquished Creatures
  An ogre (D:2)
  Terence (D:3)
  An iguana (D:4)
  7 gnolls
  2 adders (D:2)
  An ooze (D:3)
  9 worms
  2 dart slugs
  2 leopard geckos
  3 orcs
  6 giant cockroaches
  10 goblins
  10 hobgoblins
  5 quokkas
  9 bats
  7 frilled lizards
  12 kobolds
  8 rats
96 creatures vanquished.

Notes
Turn   | Place    | Note
-------+----------+-------------------------------------------
     0 | D:1      | shenanigans the Barachi Skald began the quest for the Orb.
     0 | D:1      | Reached XP level 1. HP: 17/17 MP: 3/3
   118 | D:1      | Reached XP level 2. HP: 22/23 MP: 1/5
   268 | D:1      | Reached skill level 3 in Fighting
   338 | D:1      | Reached XP level 3. HP: 22/29 MP: 2/6
  1143 | D:2      | Reached XP level 4. HP: 9/35 MP: 5/7
  1729 | D:2      | Noticed an ogre
  1752 | D:2      | Killed an ogre
  1752 | D:2      | Reached skill level 4 in Fighting
  1752 | D:2      | Reached XP level 5. HP: 20/42 MP: 8/8
  2021 | D:2      | Found an ancient bone altar of Kikubaaqudgha.
  2243 | D:2      | Noticed Sigmund
  2666 | D:3      | Noticed Terence
  2691 | D:3      | Killed Terence
  2718 | D:3      | Noticed SFR's ghost (amateur DgWn)
  2725 | D:3      | Reached XP level 6. HP: 32/49 MP: 9/9
  3792 | D:4      | Found a white marble altar of Elyvilon.
  4111 | D:4      | Reached skill level 5 in Fighting
  4493 | D:4      | HP: 1/51 [ogre/giant club (20)]
  4496 | D:4      | Slain by an ogre

Vault maps used:
D:1:      lightli_arrival_boilingwater, wad_floor_pattern_untrapped,
          st_stairs_3, interstate_on_off
D:2:      kiku_gazebo_garden_becter, first_ration, uniq_sigmund
D:3:      portal_sewer_entry_b, uniq_terence
D:4:      kennysheep_little_box, kennysheep_mini_moat, minmay_unequal

Skill      XL: |  1  2  3  4  5  6 |
---------------+-------------------+-----
Fighting       | 3 4 5 |  5.0
Armour         | 2 3 4 |  4.4
Axes           | 3 4 |  4.5
Dodging        | |  2.1
Shields        | |  0.9
Spellcasting   | |  2.1
Charms         | |  3.2

Action                   |  1- 3 |  4- 6 || total
-------------------------+-------+-------++-------
Melee: Hand axe          |   190 |   214 ||   404
       Dagger            |       |    50 ||    50
Throw: Tomahawk          |       |     4 ||     4
 Cast: Infusion          |     6 |     1 ||     7
 Abil: Hop               |       |     4 ||     4
  Use: Potion            |       |     5 ||     5
  Eat: Chunk             |     2 |    11 ||    13
Armor: Leather armour    |    16 |       ||    16
       Ring mail         |    11 |       ||    11
       Chain mail        |    73 |   173 ||   246
       Skin              |       |    10 ||    10
       Plate armour      |       |     1 ||     1
Dodge: Dodged            |   104 |    81 ||   185
Block: Large shield      |       |    19 ||    19

Table legend:
 A = Spawn XP
 B = Non-spawn XP
 C = Spawn XP percentage of total XP
 D = Spawn monster count
 E = Non-spawn monster count
 F = Spawn count percentage of total count
 G = Total turns spent on level
                    A         B        C        D         E        F      G
               +---------+---------+-------+---------+---------+-------+---------
         Total |       0 |     495 |   0.0 |       0 |      96 |   0.0 |  4496
               +---------+---------+-------+---------+---------+-------+---------
           D:1 |       0 |      72 |   0.0 |       0 |      32 |   0.0 |   982
           D:2 |       0 |     234 |   0.0 |       0 |      31 |   0.0 |  2297
           D:3 |       0 |      89 |   0.0 |       0 |      24 |   0.0 |   543
           D:4 |       0 |     100 |   0.0 |       0 |       9 |   0.0 |   674
               +---------+---------+-------+---------+---------+-------+---------
